 Dungeon Crawl Stone Soup version 0.27-a0-1560-g8cdb131 (webtiles) character file.

Game seed: 16694139297541995021

8 Meow the Skirmisher (level 2, 19/26 HPs)
             Began as a Ghoul Fighter on July 16, 2021.
             Quit the game on level 1 of the Dungeon.
             The game lasted 00:00:39 (77 turns).

Meow the Skirmisher (Ghoul Fighter)                   Turns: 77, Time: 00:00:39

Health: 19/26      AC:  6    Str: 19    XL:     2   Next: 8%
Magic:  1/1        EV:  7    Int:  3    God:
Gold:   0          SH:  8    Dex:  8    Spells: 1/1 levels left

rFire    . . .     SeeInvis .   a - +0 war axe
rCold    + . .     Faith    .   c - +0 kite shield
rNeg     + + +     Spirit   .   b - +0 scale mail
rPois    ∞         Reflect  .   (no helmet)
rElec    .         Harm     .   (no cloak)
rCorr    .         Rampage  .   (no gloves)
Will     .....                  (no boots)
Stlth    ..........             (no amulet)
HPRegen  0.08/turn              (no ring)
MPRegen  0.07/turn              (no ring)

@: no status effects
A: claws 1, cold resistance 1, negative energy resistance 3, inhibited
regeneration, torment resistance 2
a: no special abilities


You were on level 1 of the Dungeon.
You visited 1 branch of the dungeon, and saw 1 of its levels.

Inventory:

Hand Weapons
 a - a +0 war axe (weapon)
Armour
 b - a +0 scale mail (worn)
 c - a +0 kite shield (worn)
Scrolls
 e - a scroll of identify {unknown}
Potions
 d - a potion of might


   Skills:
 + Level 3.6 Fighting
 + Level 2.1 Axes
 - Level 2.6 Armour
 - Level 2.6 Shields


You had one spell level left.
You didn't know any spells.
Your spell library was empty.

Dungeon Overview and Level Annotations

Branches:
Dungeon (1/15)

Altars:


Innate Abilities, Weirdness & Mutations

You thrive by killing the living.
You are immune to poison.
You have sharp fingernails.
Your flesh is cold resistant. (rC+)
You are immune to negative energy. (rN+++)
You do not regenerate when monsters are visible.
You are immune to unholy pain and torment.


Message History

You closely miss the jackal.
The jackal bites you but does no damage.
The jackal closely misses you. x2
You barely miss the jackal.
A jackal comes into view.
You block the jackal's attack. x2
You miss the jackal.
The jackal barks!
The jackal bites you but does no damage. x3
You hit the jackal.
The jackal is moderately wounded.
The jackal barely misses you. You block the jackal's attack.
You hit the jackal but do no damage.
The jackal is moderately wounded.
You block the jackal's attack. The jackal bites you.
You slash the jackal!
You kill the jackal!
You feel better. The jackal barely misses you.
Your Axes skill increases to level 2!
You slash the jackal!
You kill the jackal!
You feel better. The hobgoblin hits you.
You closely miss the hobgoblin. The hobgoblin hits you.
You slash the hobgoblin!
You kill the hobgoblin!
You have reached level 2!
You start resting.
A goblin opens the door.
It is wielding a +0 dagger.
The goblin shouts!
There is an escape hatch in the floor here.
Your shield and scale mail prevent you from hitting the goblin.
You block the goblin's attack. The goblin closely misses you.
You hit the goblin.
The goblin is moderately wounded.
The goblin hits you but does no damage.
You slash the goblin!
You kill the goblin!
There is an open door, spattered with blood here.
You see here a +0 dagger.
Are you sure you want to abandon this character and quit the game? (Confirm with "yes".)

......#..####''####.
#..h..###....##
#.....##......#
#.....##....⌠.##
#..$..#........#
#.....#....g.⌠.#
#.....#...##...#
#.....#..####..#
####..'..@><†..+
#..#..####..# #..
...# #.⌠ ....# #..
.....# ##.⌠....##
#......# ##....##


There were no monsters in sight!

Vanquished Creatures
  An endoplasm (D:1)
  A goblin (D:1)
  A hobgoblin (D:1)
  3 jackals (D:1)
6 creatures vanquished.

Notes
Turn   | Place    | Note
-------+----------+-------------------------------------------
     0 | D:1      | Meow the Ghoul Fighter began the quest for the Orb.
     0 | D:1      | Reached XP level 1. HP: 19/19 MP: 0/0
    58 | D:1      | Reached XP level 2. HP: 18/26 MP: 1/1
    77 | D:1      | Quit the game

Illustrated notes

Levels and vault maps discovered:
D:1:      dpeg_arrival_refuge, layout_loops_ring

Skill      XL: |  1 |
---------------+----+-----
Axes           | 2 |  2.1
Fighting       | |  3.6
Armour         | |  2.6
Shields        | |  2.6

Action                   || total
-------------------------++-------
Melee: War axe           ||    20
Armor: Scale mail        ||     9
Dodge: Dodged            ||    10
Block: Kite shield       ||    11

Table legend: (Time is in decaauts)
 A = Elapsed time spent in this place.
 B = Non-inter-level travel time spent in this place.
 C = Inter-level travel time spent in this place.
 D = Time resting spent in this place.
 E = Time spent auto-exploring this place.
 F = Levels seen in this place.
 G = Mean time per level.
                   A        B        C        D        E       F      G
               +--------+--------+--------+--------+--------+-----+--------+
         Total |     90 |     90 |      0 |     15 |     16 |   1 |   90.0 |
       Dungeon |     90 |     90 |      0 |     15 |     16 |   1 |   90.0 |
               +--------+--------+--------+--------+--------+-----+--------+

Top non-repeatable levels by time:
     D:1: 90 daAuts
